 Dungeon Crawl Stone Soup version 0.24.1-8-ga250c9d538 (webtiles) character file.

Game seed: 412268416574555346, levelgen mode: deterministic

29 MenacingMecha the Shooter (level 3, 0/29 HPs)
             Began as a Centaur Arcane Marksman on Apr 27, 2020.
             Succumbed to an adder's poison
             ... on level 2 of the Dungeon.
             The game lasted 00:02:25 (1502 turns).

MenacingMecha the Shooter (Centaur Arcane Marksman) Turns: 1502, Time: 00:02:26

Health: 0/29       AC:  4    Str: 15    XL:     3   Next: 1%
Magic:  4/4        EV:  9    Int: 12    God:
Gold:   71         SH:  0    Dex:  9    Spells: 3/4 levels left

rFire    . . .     SeeInvis .   b - +0 mace
rCold    . . .     Gourm    .   (no shield)
rNeg     . . .     Faith    .   c - +0 leather armour
rPois    .         Spirit   .   (no helmet)
rElec    .         Reflect  .   (no cloak)
rCorr    .         Harm     .   (no gloves)
MR       .....                  (no barding)
Stlth    ..........             (no amulet)
HPRegen  0.09/turn              (no ring)
MPRegen  0.09/turn              (no ring)

@: lethally poisoned (0 -> -5), very quick
A: large, hooves 3, deformed body, speed 2, strong 1, tough skin 3, evolution 1
a: no special abilities


You were on level 2 of the Dungeon.
You were very hungry.

You visited 1 branch of the dungeon, and saw 2 of its levels.

You collected 71 gold pieces.

Inventory:

Hand Weapons
 a - a +0 shortbow
 b - a +0 mace (weapon)
Missiles
 d - 15 arrows
 j - 31 stones (quivered)
Armour
 c - a +0 leather armour (worn)
 e - a +0 robe
Jewellery
 l - a cursed amulet of inaccuracy {unknown}
Potions
 k - a potion of cancellation
Comestibles
 f - a ration


   Skills:
 + Level 1.8 Fighting
 * Level 4.2 Bows
 - Level 1.3 Dodging
 - Level 1.0 Spellcasting
 - Level 2.6 Hexes


You had 3 spell levels left.
You knew the following spells:

 Your Spells              Type           Power        Failure   Level  Hunger
a - Corona                Hex            #......      12%         1    ##.....

Your spell library contained the following spells:

 Spells                   Type           Power        Failure   Level  Hunger
 Slow                     Hex            #.......     19%         2    ###....
 Inner Flame              Hex/Fire       #.......     54%         3    ####...
 Portal Projectile        Hex/Tloc       #.....       54%         3    ####...
 Cause Fear               Hex            #.........   77%         4    #####..
 Leda's Liquefaction      Hex/Erth       #.........   91%         4    #####..


Dungeon Overview and Level Annotations

Branches:
Dungeon (2/15)

Altars:
Wu Jian


Innate Abilities, Weirdness & Mutations

You have hooves in place of feet.
Armour fits poorly on your strangely shaped body.
You cover ground very quickly.
You have extremely tough skin. (AC +3)
Your muscles are strong. (Str +2)
You evolve.


Message History

The kobold hits you but does no damage. The adder barely misses you.
The leopard gecko bites you. The adder closely misses you.
The kobold hits you but does no damage.
You barely miss the adder.
The adder is moderately wounded.
You feel sick. The leopard gecko bites you.
* * * LOW HITPOINT WARNING * * *
The adder bites you.
* * * LOW HITPOINT WARNING * * *
The kobold misses you. The leopard gecko barely misses you.
The adder closely misses you.
It was a potion of mutation.
You feel extremely strange.
You feel stronger.
You feel nature experimenting on you.
Don't worry, failures die fast.
* * * LOW HITPOINT WARNING * * *
You feel sick. The leopard gecko barely misses you.
The adder closely misses you. The kobold misses you.
You hit the leopard gecko.
The leopard gecko is moderately wounded.
You die...

#.r #.>....?##.<....#
#..##....#.###........#
......##$###......#.#
#....#....##.####
##........##..#
###..r#...##.##
###KS#....<.#
##.#####l..###.....#
#......@##..#...####
#.......##.......#
#.......###.#.#...#
#.......# ._..##...#
#.........#.#.. .%...
#......... .....#.###
#........ #.......##


You could see an adder and a leopard gecko.

Vanquished Creatures
  An adder (D:2)
  A bat (D:1)
  2 giant cockroaches (D:1)
  3 goblins (D:1)
  3 hobgoblins
  2 jackals (D:1)
  3 kobolds (D:1)
  4 rats (D:1)
19 creatures vanquished.

Notes
Turn   | Place    | Note
-------+----------+-------------------------------------------
     0 | D:1      | MenacingMecha the Centaur Arcane Marksman began the quest
                  | for the Orb.
     0 | D:1      | Reached XP level 1. HP: 16/16 MP: 2/2
   180 | D:1      | Reached skill level 3 in Bows
   524 | D:1      | Reached XP level 2. HP: 23/23 MP: 3/3
  1300 | D:2      | Reached skill level 4 in Bows
  1300 | D:2      | Reached XP level 3. HP: 15/29 MP: 4/4
  1474 | D:2      | Found an ornate altar of the Wu Jian Council.
  1500 | D:2      | Gained mutation: Your muscles are strong. (Str +2) [potion
                  | of mutation]
  1500 | D:2      | Gained mutation: You evolve. [potion of mutation]
  1500 | D:2      | HP: 1/29 [poisoned by an adder]
  1502 | D:2      | Succumbed to an adder's poison

Levels and vault maps discovered:
D:1:      dpeg_arrival_oval, layout_loops_ring
D:2:      layout_rooms, lemuel_crystal_altar, uniq_sigmund, uniq_jessica

Skill      XL: |  1  2 |
---------------+-------+-----
Bows           | 3 4 |  4.2
Fighting       | |  1.8
Dodging        | |  1.3
Spellcasting   | |  1.0
Hexes          | |  2.6

Action                   || total
-------------------------++-------
Melee: Mace              ||    68
       Unarmed           ||     6
       Kick              ||    14
 Fire: Shortbow          ||     5
  Use: Potion            ||     4
       Scroll            ||     2
Armor: Leather armour    ||    28
       Robe              ||     3
Dodge: Dodged            ||    38
